 Dungeon Crawl Stone Soup version 0.26.1-2-gb8aa6d0cf2 (webtiles) character file.

Game seed: 2415638894009651328

35 funkygono the Firebug (level 3, 0/19 HPs)
             Began as a Deep Elf Fire Elementalist on Mar 16, 2021.
             Slain by Natasha (9 damage)
             ... on level 2 of the Dungeon.
             The game lasted 00:02:32 (1175 turns).

funkygono the Firebug (Deep Elf Fire Elementalist)  Turns: 1175, Time: 00:02:33

Health: 0/19       AC:  5    Str:  5    XL:     3   Next: 17%
Magic:  5/10       EV: 13    Int: 20    God:
Gold:   34         SH:  0    Dex: 15    Spells: 5/9 levels left

rFire    . . .     SeeInvis .   g - +0 dagger (drain)
rCold    . . .     Faith    .   (no shield)
rNeg     . . .     Spirit   .   a - +0 robe
rPois    .         Reflect  .   (no helmet)
rElec    .         Harm     .   (no cloak)
rCorr    .         Rampage  .   h - +2 pair of gloves
Will     .....                  (no boots)
Stlth    ++........             (no amulet)
HPRegen  0.06/turn              (no ring)
MPRegen  0.12/turn              (no ring)

@: very slightly contaminated
A: no striking features
a: no special abilities


You were on level 2 of the Dungeon.
You visited 1 branch of the dungeon, and saw 2 of its levels.

You collected 34 gold pieces.

Inventory:

Hand Weapons
 g - a +0 dagger of draining (weapon)
Armour
 a - a +0 robe (worn)
 h - a +2 pair of gloves (worn)
Scrolls
 c - 3 scrolls of remove curse
Potions
 e - a potion of cancellation


   Skills:
 + Level 2.6 Dodging
 - Level 2.4 Stealth
 * Level 3.6 Spellcasting
 * Level 1.4 Conjurations
 * Level 0.3 Hexes
 * Level 4.1 Fire Magic


You had 5 spell levels left.
You knew the following spells:

 Your Spells              Type           Power        Failure   Level
a - Foxfire               Conj/Fire      56%          4%          1
b - Inner Flame           Hex/Fire       12%          16%         3

Your spell library contained the following spells:

 Spells                   Type           Power        Failure   Level
 Conjure Flame            Conj/Fire      14%          13%         3
 Sticky Flame             Conj/Fire      14%          38%         4
 Fireball                 Conj/Fire      7%           75%         5


Dungeon Overview and Level Annotations

Branches:
Dungeon (2/15)

Altars:

Annotations:
D:2 Natasha


Message History

You resist with some effort.
Natasha mumbles some strange words.
Natasha's front paws start to glow.
Casting: Foxfire (safe; 4% risk of failure)
Confirm with . or Enter, or press ? or * to list all spells.
You conjure some foxfire!
Casting: Foxfire (safe; 4% risk of failure)
Confirm with . or Enter, or press ? or * to list all spells.
You miscast Foxfire.
You are very lightly contaminated with residual magic.
Nothing appears to happen.
The foxfire hits Natasha.
Natasha is severely wounded.
The foxfire hits Natasha.
Natasha is almost dead.
Natasha stares at you and mumbles some strange words.
The magic dart hits you.
Casting: Foxfire (safe; 4% risk of failure)
Confirm with . or Enter, or press ? or * to list all spells.
You conjure some foxfire!
Natasha claws you!
You die...

#.#.# #. #...
#. #... ##.##
#.. .... .<.
#..# #.#
.#.###..# #.#
......v.####<#
#v@hr...#
#########


You could see Natasha and a quokka.

Vanquished Creatures
  3 dart slugs (D:1)
  5 bats (D:1)
  2 giant cockroaches (D:1)
  5 goblins (D:1)
  5 hobgoblins (D:1)
  A ball python (D:1)
  2 frilled lizards (D:1)
  2 kobolds (D:1)
  3 rats (D:1)
28 creatures vanquished.

Vanquished Creatures (others)
  88 foxfires
88 creatures vanquished.

Grand Total: 116 creatures vanquished

Notes
Turn   | Place    | Note
-------+----------+-------------------------------------------
     0 | D:1      | funkygono the Deep Elf Fire Elementalist began the quest
                  | for the Orb.
     0 | D:1      | Reached XP level 1. HP: 10/10 MP: 6/6
   314 | D:1      | Reached XP level 2. HP: 14/15 MP: 2/8
   860 | D:1      | Reached skill level 4 in Fire Magic
   927 | D:1      | Reached XP level 3. HP: 19/19 MP: 7/10
   931 | D:1      | Learned a level 3 spell: Inner Flame
  1163 | D:2      | Noticed Natasha
  1175 | D:2      | Slain by Natasha

Illustrated notes

Levels and vault maps discovered:
D:1:      giann_forest_graveyard, layout_basic, minmay_bisected
D:2:      layout_loops_ring, nicolae_overflow_crystal_walls, dk_noncrumbling_2,
          uniq_jessica, uniq_natasha

Skill      XL: |  1  2 |
---------------+-------+-----
Fire Magic     | 4 |  4.1
Dodging        | |  2.6
Stealth        | |  2.4
Spellcasting   | |  3.6
Conjurations   | |  1.4
Hexes          | |  0.3

Action                   || total
-------------------------++-------
 Cast: Foxfire           ||    56
  Use: Scroll            ||     4
Armor: Robe              ||     3
Dodge: Dodged            ||    12
